 Dungeon Crawl Stone Soup version 0.25-a0-665-ga69d64035b (webtiles) character file.

Game seed: 8727239936064635833, levelgen mode: deterministic

1533 Hartz the Digger (level 8, -3/45 HPs)
             Began as a Gargoyle Earth Elementalist on Mar 26, 2020.
             Was an Initiate of Vehumet.
             Slain by an ice beast (8 damage)
             ... on level 6 of the Dungeon.
             The game lasted 00:16:48 (5493 turns).

Hartz the Digger (Gargoyle Earth Elementalist)      Turns: 5493, Time: 00:16:50

Health: -3/45      AC: 13    Str: 13    XL:     8   Next: 85%
Magic:  10/15      EV: 12    Int: 17    God:    Vehumet [......]
Gold:   139        SH:  0    Dex: 10    Spells: 8/17 levels left

rFire    . . .     SeeInvis +   z - +1 short sword (venom)
rCold    . . .     Gourm    +   (no shield)
rNeg     + . .     Faith    .   c - +0 robe
rPois    ∞         Spirit   .   p - +0 hat
rElec    +         Reflect  .   (no cloak)
rCorr    .         Harm     .   h - +1 pair of gloves
MR       .....                  a - +2 pair of boots
Stlth    ++........             x - amulet of the gourmand
HPRegen  0.15/turn              (no ring)
MPRegen  0.14/turn              t - ring of see invisible

@: no status effects
A: negative energy resistance 1, electricity resistance, unbreathing,
petrification resistance, rot immunity, AC +5
a: Renounce Religion


You were on level 6 of the Dungeon.
You worshipped Vehumet.
Vehumet was noncommittal.
You were completely stuffed.

You visited 2 branches of the dungeon, and saw 7 of its levels.

You collected 139 gold pieces.

Inventory:

Hand Weapons
 g - a +0 mace
 z - a +1 short sword of venom (weapon)
Missiles
 b - 63 stones (quivered)
Armour
 a - a +2 pair of boots (worn)
 c - a +0 robe (worn)
 h - a +1 pair of gloves (worn)
 p - a +0 hat (worn)
Jewellery
 l - an uncursed ring of stealth
 r - an uncursed ring of flight
 t - a ring of see invisible (right hand)
 x - an amulet of the gourmand (around neck)
Wands
 i - a wand of disintegration (5)
 u - a wand of flame (15)
Scrolls
 e - 6 scrolls of remove curse
 f - 4 scrolls of teleportation
 j - a scroll of identify
 q - a scroll of enchant armour
 y - a scroll of blinking
Potions
 k - a potion of might
 m - 2 potions of flight
 o - 3 potions of heal wounds
 v - 2 potions of curing
 w - 3 potions of brilliance
Comestibles
 d - 8 rations
 n - 2 chunks of flesh


   Skills:
 + Level 2.4 Fighting
 + Level 2.3 Maces & Flails
 + Level 2.5 Armour
 + Level 2.5 Dodging
 - Level 2.1 Stealth
 + Level 5.2 Spellcasting
 + Level 5.1 Conjurations
   Level 0.7 Transmutations
 + Level 7.4 Earth Magic
 + Level 2.0 Evocations


You had 8 spell levels left.
You knew the following spells:

 Your Spells              Type           Power        Failure   Level  Hunger
a - Sandblast             Erth           ####..       1%          1    None
b - Stone Arrow           Conj/Erth      ####..       3%          3    ###....
c - Lee's Rapid Deconstr  Erth           ####......   19%         5    ######.

Your spell library contained the following spells:

 Spells                   Type           Power        Failure   Level  Hunger
 Passwall                 Tmut/Erth      ###.....     4%          2    #......
 Petrify                  Tmut/Erth      ###.....     26%         4    ####...


Dungeon Overview and Level Annotations

Branches:
Dungeon (6/15)             Temple (1/1) D:5

Altars:
Dithmenos
Gozag
Kikubaaqudgha
Qazlal
Ru
Vehumet
Xom
The Shining One

Shops:
D:4 }


Innate Abilities, Weirdness & Mutations

You are resistant to torment.
Your stone body is resilient. (AC +5)
You are immune to poison.
You resist negative energy. (rN+)
You are resistant to electric shocks. (rElec)
You can survive without breathing.
You are immune to petrification.
You are immune to rotting.


Message History

Confirm with . or Enter, or press ? or * to list all spells.
Aiming: Sandblast (safe; 1% risk of failure)
Press: ? - help, Shift-Dir - straight line, f/p - ice beast
Aim: an ice beast (moderately wounded)
The blast of sand hits the ice beast but does no damage.
The ice beast is moderately wounded.
b - 64 stones The ice beast hits you but does no damage.
Casting: Sandblast (safe; 1% risk of failure)
Confirm with . or Enter, or press ? or * to list all spells.
Aiming: Sandblast (safe; 1% risk of failure)
Press: ? - help, Shift-Dir - straight line, f/p - ice beast
Aim: an ice beast (moderately wounded)
The blast of sand hits the ice beast.
The ice beast is heavily wounded.
b - 63 stones The ice beast hits you.
* * * LOW HITPOINT WARNING * * *
The ice beast freezes you!
You die...

##..#.#... #..#......
#..#..##.. ##....###..
####### #....#..##.
#######.....####....#.....
#....))......#.#..........
#...####Y.................
#.. ##@......#####..... #.
##......# #..... #
#.#....# #....# #.....)#
#...## #......# #....#
#......# #....# #......#
#..... #......# #....#
#......# #....#


You could see an ice beast.

Vanquished Creatures
  Sigmund (D:2)
  An ice beast (D:6)
  A phantom (D:5)
  3 ogres
  A centaur (D:5)
  2 crimson imps
  A jelly (D:5)
  A bullfrog zombie (D:5)
  7 orc wizards
  4 orc priests
  A bullfrog skeleton (D:4)
  2 hounds (D:6)
  An iguana (D:5)
  Ijyb (D:4)
  A worker ant (D:4)
  Terence (D:2)
  5 adders
  6 gnolls (D:6)
  A shadow imp (D:6)
  2 oozes
  An adder skeleton (D:5)
  3 dart slugs
  6 leopard geckos
  20 orcs
  5 giant cockroaches
  8 goblins
  8 hobgoblins
  2 jackals (D:2)
  3 quokkas
  13 bats
  2 frilled lizards
  A goblin skeleton (D:4)
  5 goblin zombies (D:4)
  2 hobgoblin zombies (D:4)
  3 kobolds (D:1)
  A kobold skeleton (D:4)
  A kobold zombie (D:4)
  A leopard gecko skeleton (D:4)
  An orc zombie (D:4)
  A quokka skeleton (D:4)
  11 rats
141 creatures vanquished.

Notes
Turn   | Place    | Note
-------+----------+-------------------------------------------
     0 | D:1      | Hartz the Gargoyle Earth Elementalist began the quest for
                  | the Orb.
     0 | D:1      | Reached XP level 1. HP: 10/10 MP: 3/3
   116 | D:1      | Reached XP level 2. HP: 15/15 MP: 3/5
   147 | D:1      | Reached skill level 4 in Earth Magic
   346 | D:1      | Reached XP level 3. HP: 8/19 MP: 1/6
   351 | D:1      | Learned a level 3 spell: Stone Arrow
  1216 | D:2      | Noticed Sigmund
  1221 | D:2      | Killed Sigmund
  1221 | D:2      | Reached skill level 5 in Earth Magic
  1221 | D:2      | Reached XP level 4. HP: 21/24 MP: 0/9
  1221 | D:2      | Reached XP level 5. HP: 24/28 MP: 0/10
  1334 | D:2      | Learned a level 5 spell: Lee's Rapid Deconstruction
  1483 | D:2      | Noticed Terence
  1679 | D:2      | Killed Terence
  1679 | D:2      | Reached XP level 6. HP: 32/32 MP: 11/11
  1954 | D:2      | Found a shimmering altar of Xom.
  2057 | D:3      | Reached skill level 6 in Earth Magic
  3135 | D:4      | Found a shadowy altar of Dithmenos.
  3135 | D:4      | Noticed Ijyb
  3145 | D:4      | Killed Ijyb
  3145 | D:4      | Reached XP level 7. HP: 20/36 MP: 9/13
  3446 | D:4      | Found Jibueb's Gadget Shop.
  3580 | D:4      | Found a glowing golden altar of the Shining One.
  3972 | D:5      | Entered Level 5 of the Dungeon
  4152 | D:5      | Got a shimmering tin ring
  4154 | D:5      | Identified the ring "Askiomu" {rC+ Int-4 Slay+4} (You found
                  | it on level 5 of the Dungeon)
  4192 | D:5      | Found a staircase to the Ecumenical Temple.
  4204 | D:5      | Reached skill level 1 in Fighting
  4204 | D:5      | Reached skill level 1 in Maces & Flails
  4204 | D:5      | Reached skill level 1 in Armour
  4204 | D:5      | Reached skill level 7 in Earth Magic
  4204 | D:5      | Reached XP level 8. HP: 27/43 MP: 9/15
  4220 | Temple   | Entered the Ecumenical Temple
  4251 | Temple   | Became a worshipper of Vehumet
  4311 | D:5      | Got a fine sapphire amulet
  4312 | D:5      | Identified the amulet "Juso" {Inacc *Drain Int+6 SInv
                  | Stlth+} (You found it on level 5 of the Dungeon)
  4574 | D:5      | Reached skill level 1 in Evocations
  4804 | D:6      | Reached skill level 5 in Spellcasting
  5057 | D:6      | Reached skill level 5 in Conjurations
  5457 | D:6      | Noticed a hippogriff
  5493 | D:6      | Slain by an ice beast

Levels and vault maps discovered:
D:1:      dpeg_arrival_ternary, layout_basic, fountainhead
D:2:      layout_rooms, lemuel_round_altar, uniq_sigmund, uniq_terence
D:3:      layout_basic, kennysheep_nub
D:4:      layout_basic, nicolae_tso_besieged_by_evil, serial_shops, shop,
          first_ration, minmay_misc_feat_alley, nicolae_dithmenos_shadow_blocks,
          uniq_ijyb
D:5:      layout_loops_cross, minmay_temple_entry_junction
D:6:      layout_cave_pools, grunt_temple_overflow_diamond, serial_gnoll_camp,
          gnoll_camp_huts_basic, gnoll_camp_mini_sergeant,
          gnoll_camp_mini_loothouse, gnoll_camp_mini_house,
          chequers_serial_rivers_marsh, lemuel_blue_sif_altar
Temple:   minmay_crystal_spiral_temple

Skill      XL: |  1  2  3  4  5  6  7  8 |
---------------+-------------------------+-----
Earth Magic    | 4 5 6 7 |  7.4
Spellcasting   | 3 4 5 |  5.2
Conjurations   | 2 3 4 5 |  5.1
Fighting       | 1 2 |  2.4
Maces & Flails | 1 2 |  2.3
Armour         | 1 2 |  2.5
Dodging        | 2 |  2.5
Evocations     | 2 |  2.0
Stealth        | |  2.1
Transmutations | |  0.7

Action                   |  1- 3 |  4- 6 |  7- 9 || total
-------------------------+-------+-------+-------++-------
Melee: Short sword       |    85 |    22 |    60 ||   167
       Dagger            |       |   131 |   110 ||   241
       Trident           |       |       |     4 ||     4
 Cast: Sandblast         |    11 |    32 |    66 ||   109
       Stone Arrow       |     2 |     3 |     3 ||     8
       Lee's Rapid Decon |       |     1 |     8 ||     9
Evoke: Wand              |       |     3 |       ||     3
  Use: Scroll            |     1 |     5 |     3 ||     9
       Potion            |     1 |       |       ||     1
 Stab: Sleeping          |       |     3 |     2 ||     5
  Eat: Chunk             |     1 |     7 |    24 ||    32
Armor: Robe              |    39 |    69 |    89 ||   197
Dodge: Dodged            |    82 |   126 |   148 ||   356

Table legend:
 A = Non-vault XP
 B = Vault XP
 C = Vault XP percentage of total XP
 D = Non-vault monster count
 E = Vault monster count
 F = Vault count percentage of total count
                 A         B        C        D         E       F
            +---------+---------+-------+---------+---------+-------
      Total |    1677 |     513 |  23.4 |     118 |      23 |  16.3
            +---------+---------+-------+---------+---------+-------
        D:1 |      47 |       0 |   0.0 |      27 |       0 |   0.0
        D:2 |     118 |     252 |  68.1 |      28 |       2 |   6.7
        D:3 |     138 |       0 |   0.0 |      19 |       0 |   0.0
        D:4 |     270 |      96 |  26.2 |      13 |      13 |  50.0
        D:5 |     544 |       0 |   0.0 |      13 |       0 |   0.0
        D:6 |     560 |     165 |  22.8 |      18 |       8 |  30.8
            +---------+---------+-------+---------+---------+-------
